 Dungeon Crawl Stone Soup version 0.29-a0-1016-g236c7fd91e (webtiles) character file.

Game seed: 7226552725416022169

840 drugrobin the Cleaver (level 7, -2/56 HPs)
             Began as a Demigod Fighter on Aug 9, 2022.
             Slain by a two-headed ogre
             ... wielding a +0 giant spiked club
              (20 damage)
             ... on level 4 of the Dungeon.
             The game lasted 00:10:01 (5914 turns).

drugrobin the Cleaver (Demigod Fighter)             Turns: 5914, Time: 00:10:02

Health: -2/56      AC:  8    Str: 25    XL:     7   Next: 39%
Magic:  9/9        EV:  7    Int: 16    God:
Gold:   210        SH:  4    Dex: 13    Spells: 6/6 levels left

rFire   . . .      SeeInvis .   a - +0 war axe
rCold   . . .      Faith    .   c - +0 buckler
rNeg    . . .      Spirit   .   t - +0 chain mail
rPois   .          Reflect  .   (no helmet)
rElec   .          Harm     .   (no cloak)
rCorr   .          Rampage  .   (no gloves)
Will    .....                   (no boots)
Stlth   ..........              (no amulet)
HPRegen 0.18/turn               u - +6 ring of intelligence
MPRegen 0.11/turn               (no ring)

@: no status effects
A: high MP 1, forlorn, divine attributes
a: no special abilities


You were on level 4 of the Dungeon.
You visited 1 branch of the dungeon, and saw 5 of its levels.

You collected 210 gold pieces.

Inventory:

Hand Weapons
 a - a +0 war axe (weapon)
 b - a +0 sling
Missiles
 v - 12 poisoned darts (quivered)
Armour
 c - a +0 buckler (worn)
 t - a +0 chain mail (worn)
 x - a +0 scale mail
 A - a +0 plate armour
Magical Staves
 r - a staff of air
Jewellery
 u - a +6 ring of intelligence (left hand)
Wands
 z - a wand of flame (11)
Scrolls
 e - 6 scrolls of identify {unknown}
 f - 2 scrolls of poison {unknown}
 g - 2 scrolls of magic mapping {unknown}
 h - a scroll of brand weapon {unknown}
 j - 2 scrolls of vulnerability {unknown}
 l - 3 scrolls of immolation
 o - a scroll of acquirement {unknown}
 p - a scroll of enchant armour {unknown}
 s - 3 scrolls of blinking {unknown}
 y - a scroll of fog {unknown}
Potions
 d - a potion of might
 i - a potion of brilliance {unknown}
 k - a potion of degeneration {unknown}
 m - a potion of cancellation {unknown}
 n - 2 potions of flight {unknown}
 q - 7 potions of curing {unknown}
 w - a potion of mutation {unknown}


   Skills:
 - Level 2.6 Fighting
 + Level 8.2 Axes
 - Level 2.6 Armour
 - Level 2.6 Shields


You had 6 spell levels left.
You didn't know any spells.
Your spell library contained the following spells:

 Spells                   Type           Power      Damage    Failure   Level
 Conjure Flame            Conj/Fire      0%         6-21      100%        3
 Frozen Ramparts          Ice            0%         1d1       100%        3
 Gell's Gravitas          Tloc           0%         N/A       100%        3
 Ignite Poison            Fire/Tmut/Pois 0%         N/A       100%        3
 Lesser Beckoning         Tloc           0%         N/A       100%        3
 Teleport Other           Tloc           0%         N/A       100%        3
 Ice Form                 Ice/Tmut       0%         N/A       100%        4
 Sticky Flame             Conj/Fire      0%         2d3       100%        4
 Summon Ice Beast         Ice/Summ       0%         N/A       100%        4


Dungeon Overview and Level Annotations

Branches:
Dungeon (5/15)
 Temple: D:4-7

Annotations:
D:5 Ijyb


Innate Abilities, Weirdness & Mutations

You have an increased reservoir of magic. (+10% MP)
You shall have no god before yourself.
Your divine heritage dramatically boosts your attributes as you level up.


Message History

Unknown command.
Aiming: Throw Flame
Press: ? - help, Shift-Dir - straight line, f/p - two-headed ogre
Aim: a two-headed ogre, wielding a +0 giant spiked club and a +0 giant club (lightly wounded, 85% to hit)
The puff of flame misses the two-headed ogre.
Unknown command.
Unknown command.
Aiming: Throw Flame
Press: ? - help, Shift-Dir - straight line, f/p - two-headed ogre
Aim: a two-headed ogre, wielding a +0 giant spiked club and a +0 giant club (lightly wounded, 85% to hit)
The puff of flame hits the two-headed ogre.
The two-headed ogre is moderately wounded.
Unknown command.
Unknown command.
The two-headed ogre hits you but does no damage.
The two-headed ogre barely misses you.
You climb upwards.
There is a stone staircase leading down here.
The two-headed ogre attacks as you move away!
The two-headed ogre hits you with a +0 giant spiked club!!
The two-headed ogre hits you with a +0 giant club!
Unknown command.
Unknown command.
Okay, then.
Unknown command.
Unknown command.
Unknown command.
Unknown command.
Unknown command.
Unknown command.
Unknown command.
Unknown command.
Unknown command.
Unknown command.
Unknown command.
Unknown command.
Unknown command.
The two-headed ogre attacks as you move away!
The two-headed ogre hits you with a +0 giant spiked club!!
You die...

....# #.####### #...#.#.# ###'##
#.......# ###...... ##...##
#######.# ###.### #.....## ####.#
###.# .......## ##.##.# ##.#.# #
........####>..#.#########....###
........'.......................'
........####...#O#########....###
.......### ##.##@# ##.#.# #
#..<.....# ####.# ###.#
##...###.# #.# #.# #..## #.# #.#
#.# #..####.#######.# #.#
#..#............# #.#
#..#.##.######### #.# ##....##.#
#.# # .........# #.# #


You could see a two-headed ogre.

Vanquished Creatures
  Edmund (D:4)
  A black bear (D:4)
  A centaur (D:4)
  A phantom (D:4)
  A scorpion (D:4)
  A hound (D:4)
  An orc priest (D:3)
  A gnoll bouda (D:4)
  2 iguanas
  Natasha (thrice) (D:4)
  5 gnolls
  8 adders
  An ufetubus (D:4)
  3 worms
  3 dart slugs
  4 orcs (D:3)
  7 ball pythons
  11 bats
  5 endoplasms
  A giant cockroach (D:3)
  4 goblins
  A hobgoblin (D:2)
  6 jackals
  2 kobolds
  4 quokkas
  3 frilled lizards
  7 rats
88 creatures vanquished.

Notes
Turn   | Place    | Note
-------+----------+-------------------------------------------
     0 | D:1      | drugrobin the Demigod Fighter began the quest for the Orb.
     0 | D:1      | Reached XP level 1. HP: 18/18 MP: 3/3
    91 | D:1      | Reached skill level 2 in Axes
   218 | D:1      | Reached XP level 2. HP: 21/25 MP: 4/4
   767 | D:1      | Reached skill level 3 in Axes
  1081 | D:2      | Reached XP level 3. HP: 14/30 MP: 5/5
  1962 | D:3      | Reached skill level 4 in Axes
  2027 | D:3      | Reached XP level 4. HP: 37/37 MP: 6/6
  2929 | D:4      | Reached skill level 5 in Axes
  2929 | D:4      | Reached XP level 5. HP: 42/42 MP: 7/7
  3258 | D:4      | Noticed a black bear
  3266 | D:4      | Killed a black bear
  3365 | D:4      | Noticed Natasha
  3378 | D:4      | Killed Natasha
  3588 | D:4      | Reached skill level 6 in Axes
  3789 | D:4      | Reached XP level 6. HP: 37/50 MP: 8/8
  3943 | D:4      | Noticed Edmund
  3983 | D:4      | Killed Edmund
  3984 | D:4      | Reached skill level 7 in Axes
  4422 | D:5      | Entered Level 5 of the Dungeon
  4563 | D:5      | Noticed a two-headed ogre
  4565 | D:5      | Noticed Ijyb
  4641 | D:4      | Reached XP level 7. HP: 39/56 MP: 9/9
  5025 | D:5      | Noticed a steam dragon
  5171 | D:4      | Noticed Natasha
  5180 | D:4      | Killed Natasha
  5181 | D:4      | Reached skill level 8 in Axes
  5779 | D:4      | Noticed Natasha
  5786 | D:4      | Killed Natasha
  5914 | D:4      | Slain by a two-headed ogre

Illustrated notes

Levels and vault maps discovered:
D:1:      dpeg_arrival_boxorama, layout_rooms, hellmonk_ecumenical_altar_blasted
D:2:      layout_loops_ring
D:3:      layout_loops_ring, st_stairs_7
D:4:      layout_loops_corners, uniq_edmund, uniq_natasha
D:5:      layout_rooms, general_overflow_altar, serial_curves, eino_curves_01,
          eino_curves_01, uniq_ijyb, uniq_prince_ribbit1

Skill      XL: |  1  2  3  4  5  6  7 |
---------------+----------------------+-----
Axes           | 2 3 4 5 6 7 8 |  8.2
Fighting       | |  2.6
Armour         | |  2.6
Shields        | |  2.6

Action                   |  1- 3 |  4- 6 |  7- 9 || total
-------------------------+-------+-------+-------++-------
Melee: War axe           |   116 |   130 |    43 ||   289
Throw: Dart              |       |    18 |       ||    18
Evoke: Wand              |       |       |     5 ||     5
Armor: Scale mail        |    79 |    11 |       ||    90
       Chain mail        |       |    55 |    30 ||    85
Dodge: Dodged            |    53 |    53 |    19 ||   125
Block: Buckler           |    36 |    26 |    16 ||    78

Table legend: (Time is in decaauts)
 A = Elapsed time spent in this place.
 B = Non-inter-level travel time spent in this place.
 C = Inter-level travel time spent in this place.
 D = Time resting spent in this place.
 E = Time spent auto-exploring this place.
 F = Levels seen in this place.
 G = Mean time per level.
                   A        B        C        D        E       F      G
               +--------+--------+--------+--------+--------+-----+--------+
         Total |   6017 |   5644 |    373 |   1150 |   3408 |   5 | 1203.4 |
       Dungeon |   6017 |   5644 |    373 |   1150 |   3408 |   5 | 1203.4 |
               +--------+--------+--------+--------+--------+-----+--------+

Top non-repeatable levels by time:
     D:4: 2861 daAuts
     D:3: 1159 daAuts
     D:1: 934 daAuts
     D:2: 869 daAuts
     D:5: 193 daAuts
